[Event "FIDE World School-ch O-11 2025"]
[Site "Vrnjacka Banja"]
[Date "2025.03.22"]
[Round "3.1"]
[White "Jumanazarov, Ibrohim"]
[Black "Uzdemir, Ali Poyraz"]
[Result "0-1"]
[Annotator "NA RC"]
[ECO "B67"]
[WhiteElo "1869"]
[BlackElo "2184"]
[PlyCount "186"]
[EventDate "2025.03.19"]
[EventType "swiss"]
[EventCountry "SRB"]
[SourceTitle "playchess.com"]
[Source "ChessBase"]
[SourceQuality "1"]
[TimeControl "5400+30"]

1. e4 c5 2. Nf3 d6 3. d4 cxd4 4. Nxd4 Nf6 5. Nc3 Nc6 6. Bg5 e6 7. Qd2 a6 8. O-O-O Bd7 9. Nxc6 Bxc6 10. f3 b5 11. Ne2 h6 12. Bf4 d5 13. Nd4 Bb7 (13... Qc8 $11) 14. e5 Nd7 15. Bd3 $11 Qb6 16. Be2 Rc8 17. Kb1 Qc7 18. Rhe1 Nb6 19. Bf1 Nc4 20. Bxc4 Qxc4 21. Qd3 Bb4 22. Re2 a5 23. Qxc4 Rxc4 24. Be3 Ba6 25. f4 g6 26. Rf2 h5 27. c3 Be7 28. Nb3 Bd8 29. Bd4 Bc8 30. Nc5 Be7 31. Nb3 a4 32. Nd2 Rc6 33. a3 Ba6 34. g3 Kd7 35. h4 Rhc8 36. Nf1 b4 37. axb4 Bc4 38. Nd2 Bd3+ 39. Ka2 Rb8 40. Ka3 Bc2 41. Re1 Rc7 42. b3 axb3 43. Nxb3 Bd3 44. Ra1 Rc4 45. Bc5 Rxc3 46. Bxe7 Kxe7 47. Rc1 Rxc1 48. Nxc1 Bc4 49. Nb3 Kd7 50. Na5 Ra8 51. Kb2 Rb8 52. Kc3 Bb5 53. Nb3 Ra8 54. Kb2 Rc8 55. Nc5+ Kc6 56. Nb3 Kb6 57. Rd2 Bc4 58. Kc3 Ra8 59. Na5 Bb5 60. Kb3 Rc8 61. Kb2 Ba4 62. Nb3 Kb5 63. Nc5 Kxb4 64. Nd3+ Kc4 65. Ne1 Rb8+ 66. Kc1 Bb3 67. Rd3 Ra8 68. Kd2 d4 69. Ke2 Ra2+ 70. Rd2 Ra1 71. Nf3 Ra2 72. Rxa2 Bxa2 73. Kd2 Kd5 74. Ng5 Bb1 75. Nxf7 Ke4 76. Ng5+ Kf5 77. Nf3 Ke4 78. Ng5+ Kf5 79. Nf3 Kg4 80. Nxd4 Ba2 81. Ke3 Kxg3 82. Nc6 Kxh4 83. Ne7 Bb1 84. f5 Bxf5 85. Kf4 g5+ 86. Kf3 Bh7 87. Nc6 Kh3 88. Nd4 Bg8 89. Kf2 g4 90. Ne2 h4 91. Kf1 Kh2 92. Kf2 Bh7 93. Nf4 Bf5 0-1

[Event "FIDE World School-ch O-11 2025"]
[Site "Vrnjacka Banja"]
[Date "2025.03.22"]
[Round "3.2"]
[White "Kiringoda, Thehas Rithmitha"]
[Black "Ivanovic, Leonid"]
[Result "0-1"]
[Annotator "NA RC"]
[ECO "B51"]
[WhiteElo "1868"]
[BlackElo "2015"]
[PlyCount "120"]
[EventDate "2025.03.19"]
[EventType "swiss"]
[EventCountry "SRB"]
[SourceTitle "playchess.com"]
[Source "ChessBase"]
[SourceQuality "1"]
[TimeControl "5400+30"]

1. e4 c5 2. Nf3 d6 3. Bb5+ Nd7 4. O-O Ngf6 5. Re1 a6 6. Bf1 b5 7. d4 cxd4 8. Nxd4 Bb7 9. Bd3 g6 10. Bg5 Bg7 11. Nd2 h6 12. Bxf6 Bxf6 13. N2f3 O-O 14. c3 Qb6 $15 15. Qd2 Kh7 16. Nc2 a5 17. Ne3 Nc5 18. Nd5 Bxd5 19. exd5 b4 20. Rab1 a4 21. Bf1 Rfb8 22. c4 a3 23. bxa3 Rxa3 24. Nd4 Rba8 25. Rxb4 Qc7 26. Nb5 Qa5 27. Nxa3 Qxa3 28. Re3 Qxa2 29. Qxa2 Rxa2 30. g3 Bd4 31. Rf3 f5 32. g4 Ne4 33. Rb7 Nxf2 34. Rxe7+ Kg8 35. Re2 Nxg4+ 36. Kh1 Ra1 37. Kg2 Ne5 38. Rb3 f4 39. Re4 f3+ 40. Kg3 Bc5 41. Rf4 g5 42. Rfxf3 Nxf3 43. Rxf3 Kg7 44. Kg4 Re1 45. Bd3 Rg1+ 46. Kh5 Rg2 47. h3 g4 48. Rf4 gxh3 49. Rg4+ Kf6 50. Rf4+ Ke5 51. Re4+ Kf6 52. Rf4+ Ke7 53. Re4+ Kf7 54. Bf1 Rg5+ 55. Kxh6 h2 56. Rh4 Rg1 57. Rxh2 Rxf1 58. Re2 Rf4 59. Rc2 Kf6 60. Kh5 Bf2 0-1

[Event "FIDE World School-ch O-11 2025"]
[Site "Vrnjacka Banja"]
[Date "2025.03.22"]
[Round "3.3"]
[White "Adamovic, Nikola"]
[Black "Eshkol, Idan"]
[Result "1-0"]
[Annotator "NA RC"]
[ECO "C54"]
[WhiteElo "1996"]
[BlackElo "1821"]
[PlyCount "117"]
[EventDate "2025.03.19"]
[EventType "swiss"]
[EventCountry "SRB"]
[SourceTitle "playchess.com"]
[Source "ChessBase"]
[SourceQuality "1"]
[TimeControl "5400+30"]

1. e4 e5 2. Nf3 Nc6 3. Bc4 Nf6 4. d3 Bc5 5. c3 d6 6. O-O O-O 7. h3 h6 8. Re1 Re8 9. Nbd2 Bb6 10. Nf1 d5 11. exd5 Nxd5 12. d4 e4 13. N3d2 Nf6 14. Ng3 e3 15. Rxe3 Rxe3 16. fxe3 Qd6 17. Qf3 Be6 18. Nge4 Nxe4 19. Nxe4 Qe7 20. Bxe6 fxe6 21. Bd2 Rf8 22. Qe2 Qd7 23. Rf1 Rxf1+ 24. Qxf1 Qd5 25. Qb1 e5 26. b3 exd4 27. cxd4 Ne7 28. Qd3 Kh8 29. Nc3 Qd7 30. a4 c6 31. b4 a6 32. Ne2 c5 33. bxc5 Bxc5 34. Qc4 Bd6 35. a5 Qf5 36. Qb3 Qe4 37. Nc1 Ng6 38. Qd3 Qc6 39. d5 Qe8 40. Bc3 Qf7 41. Ne2 Ne7 42. e4 Ng6 43. Qf3 Qe7 44. Qf5 Ne5 45. Nf4 Nf3+ 46. gxf3 Bxf4 47. Qxf4 Qc5+ 48. Kg2 Qxc3 49. d6 Qc2+ 50. Kg3 Qd1 51. d7 Qg1+ 52. Kh4 g5+ 53. Kh5 gxf4 54. d8=Q+ Kg7 55. Qe7+ Kg8 56. Kxh6 Qg5+ 57. Kxg5 b6 58. Kh6 bxa5 59. Qe8# 1-0

[Event "FIDE World School-ch O-11 2025"]
[Site "Vrnjacka Banja"]
[Date "2025.03.22"]
[Round "3.4"]
[White "Bai, Moxuan"]
[Black "Yildiz, Ali Aras"]
[Result "1/2-1/2"]
[Annotator "NA RC"]
[ECO "B76"]
[WhiteElo "1726"]
[BlackElo "1932"]
[PlyCount "92"]
[EventDate "2025.03.19"]
[EventType "swiss"]
[EventCountry "SRB"]
[SourceTitle "playchess.com"]
[Source "ChessBase"]
[SourceQuality "1"]
[TimeControl "5400+30"]

1. e4 c5 2. Nf3 d6 3. d4 cxd4 4. Nxd4 Nf6 5. Nc3 g6 6. Be3 Bg7 7. f3 Nc6 8. Qd2 O-O 9. O-O-O d5 10. exd5 Nxd5 11. Nxc6 bxc6 12. Nxd5 cxd5 13. Qxd5 Qc7 14. Qc5 Qb7 15. Qb5 Qxb5 16. Bxb5 Rb8 17. Bc4 Bxb2+ 18. Kd2 a5 19. Bb3 Rd8+ 20. Ke2 Ba6+ 21. Kf2 Bc3 22. Bc5 e6 23. Ke3 Rdc8 24. Bd4 Bb5 25. a4 Ba6 26. Bxc3 Rxc3+ 27. Kd2 Rc6 28. Rhe1 Rc5 29. Re4 Rb7 30. Rde1 Kf8 31. Re5 Rbc7 32. f4 Ke7 33. Rxc5 Rxc5 34. Re5 Kd6 35. Rxc5 Kxc5 36. Kc3 h6 37. h4 h5 38. g3 Bb7 39. Bc4 Bc6 40. f5 Bxa4 41. fxg6 fxg6 42. Bxe6 Be8 43. g4 g5 44. gxh5 gxh4 45. h6 Bg6 46. Bg8 h3 1/2-1/2

[Event "FIDE World School-ch O-11 2025"]
[Site "Vrnjacka Banja"]
[Date "2025.03.22"]
[Round "3.5"]
[White "Lishoy Gengis Paratazham, Dildarav"]
[Black "Kalinichenko, German Yu"]
[Result "1/2-1/2"]
[Annotator "NA RC"]
[ECO "A34"]
[WhiteElo "2071"]
[BlackElo "1696"]
[PlyCount "58"]
[EventDate "2025.03.19"]
[EventType "swiss"]
[EventCountry "SRB"]
[SourceTitle "playchess.com"]
[Source "ChessBase"]
[SourceQuality "1"]
[TimeControl "5400+30"]

1. c4 c5 2. Nf3 Nf6 3. Nc3 d5 4. cxd5 Nxd5 5. e4 Nc7 6. d4 cxd4 7. Qxd4 Qxd4 8. Nxd4 e5 9. Ndb5 Nxb5 10. Bxb5+ Bd7 11. Be3 Bb4 $11 12. Bc4 O-O 13. O-O Bxc3 14. bxc3 Bc6 15. f3 Nd7 16. Rfd1 Nf6 17. Bb3 b6 18. a4 Rfd8 19. a5 Rxd1+ 20. Bxd1 Nd7 21. Bc2 Kf8 22. Kf2 Ke7 23. h4 h5 24. Ra3 Nc5 25. Ra1 f6 26. Rb1 Nd7 27. Ra1 Nc5 28. Rb1 Nd7 29. Ra1 Nc5 1/2-1/2

[Event "FIDE World School-ch O-11 2025"]
[Site "Vrnjacka Banja"]
[Date "2025.03.22"]
[Round "3.6"]
[White "Zhauynbay, Alimzhan"]
[Black "Enkhtulga, Erdenebat"]
[Result "1-0"]
[Annotator "NA RC"]
[ECO "B22"]
[WhiteElo "1927"]
[BlackElo "1590"]
[PlyCount "94"]
[EventDate "2025.03.19"]
[EventType "swiss"]
[EventCountry "SRB"]
[SourceTitle "playchess.com"]
[Source "ChessBase"]
[SourceQuality "1"]
[TimeControl "5400+30"]

1. e4 c5 2. c3 d5 3. exd5 Qxd5 4. d4 Nc6 5. Nf3 Bg4 6. dxc5 Qxd1+ 7. Kxd1 e5 8. Be3 f5 9. Be2 f4 10. Bc1 Bxc5 11. Ke1 Nf6 12. b4 Bd6 13. Nbd2 a6 14. Ng5 Bxe2 15. Kxe2 O-O 16. Nge4 Be7 17. Rd1 Rad8 18. a4 Rd5 19. Bb2 Rfd8 20. f3 Nxe4 21. Nxe4 Kf7 22. Rd2 Rxd2+ 23. Nxd2 Ke6 24. Nb3 Kf5 25. b5 Na7 26. c4 Rc8 27. Rc1 Bb4 28. g4+ Ke6 29. Kd3 Rd8+ 30. Ke4 axb5 31. axb5 Bd6 32. Ra1 Nc8 33. Rd1 b6 34. Bxe5 Rd7 35. Nd4+ Ke7 36. Nf5+ Ke6 37. Bxd6 Nxd6+ 38. Rxd6+ Rxd6 39. Nxd6 Kxd6 40. Kd4 g5 41. Kc3 Kc5 42. Kd3 Kb4 43. Kd4 Ka4 44. Kd5 h5 45. gxh5 g4 46. Ke4 g3 47. hxg3 fxg3 1-0